AoeStats
← HuerquenLa

Arabia

510570417Analyzed
1v1 RM · 1d ago on Oct 1, 2026· 42m 41s· 2 players
Game mode
Random Map
Map size
Tiny (2 player)
Population
200
Speed
Normal
Resources
Standard
Victory
Conquest
Starting age
Dark Age
Ending age
Imperial Age
RankedLock teamsTeams togetherTeam positionsShared explorationLock speedFull tech treeHidden civsTurbo modeCheats
Victory
Defeat
🇦🇷 Bulgarians · Argentina
764
+16
🇲🇽 Huns · Mexico
761
-16
MidweekRug6
11:27 Feudal Age
10:52 Loom
15:52 Forging
23:34 Castle Age
22:30 Double-Bit Axe
22:29 Horse Collar
34:21 Bloodlines
35:32 Fletching
39:13 Bow Saw
39:16 Elite Skirmisher
41:02 Husbandry
41:25 Bodkin Arrow
HuerquenLa
6:03 Loom
9:48 Feudal Age
10:22 Double-Bit Axe
10:27 Horse Collar
22:47 Castle Age
21:38 Gold Mining
21:43 Stone Mining
22:32 Wheelbarrow
24:40 Forging
24:48 Squires
26:01 Stone Shaft Mining
25:51 Hand Cart
27:06 Pikeman
28:24 Iron Casting
31:05 Husbandry
31:16 Bloodlines
32:06 Heavy Plow
33:20 Murder Holes
34:01 Scale Barding Armor
33:56 Fletching
34:07 Stirrups
34:49 Fervor
39:04 Imperial Age
36:58 Chain Barding Armor
39:00 Gold Shaft Mining
38:48 Bow Saw
39:05 Scale Mail Armor
39:31 Ballistics
40:23 Conscription
40:21 Elite Konnik
42:11 Blast Furnace
41:27 Chain Mail Armor
Connection lost

Rejoining the realm…

Still unreachable

The connection could not be restored.

Session expired

The server has moved on; the page needs a fresh start.